3AA
OTTAWA NATIONALS @ BATTLE GROUND AEROS
06/10/2024
 
TOP OF THE 1ST
Ottawa Nationals batting - Pitching for Battle Ground Aeros : LHP Phil Miller
Pitching: LHP Phil Miller
Batting: RHB Howard Fewell 0-0: Called Strike
0-1: Foul Ball, location: 2F
0-2: Strikes out swinging
Batting: RHB Anthony Trujillo 0-0: Ball
1-0: SINGLE (Line Drive, 8RS)
Batting: RHB Jesús Soto 0-0: Foul Ball, location: 2F
0-1: Foul Ball, location: 2F
0-2: Strikes out swinging
Batting: RHB EP Weston 0-0: Ball
1-0: Swinging Strike
1-1: Foul Ball, location: 2F
1-2: Ball
2-2: Ball
3-2: Strikes out looking
Top of the 1st over - 0 run(s), 1 hit(s), 0 error(s), 1 left on base; Ottawa 0 - Battle Ground 0
BOTTOM OF THE 1ST
Battle Ground Aeros batting - Pitching for Ottawa Nationals : LHP Roger Shaw
Pitching: LHP Roger Shaw
Batting: RHB Enrico Betancourt 0-0: Ball
1-0: Ball
2-0: Ball
3-0: Called Strike
3-1: Base on Balls
Batting: LHB Dave Smerdon 0-0: Called Strike
0-1: Swinging Strike
0-2: Grounds into double play, 4-6-3 (Groundball, 4)
Batting: RHB Stephen Johnson 0-0: Foul Ball, location: 2F
0-1: Ball
1-1: DOUBLE (Groundball, 5L)
Batting: SHB Juan Torres 0-0: Ball
1-0: Swinging Strike
1-1: Called Strike
1-2: Ball
2-2: Ball
3-2: Foul Ball, location: 2F
3-2: Base on Balls
Batting: RHB Juan Camacho 0-0: Called Strike
0-1: Fly out, F3 (Popup, 3F)
Bottom of the 1st over - 0 run(s), 1 hit(s), 0 error(s), 2 left on base; Ottawa 0 - Battle Ground 0
TOP OF THE 2ND
Ottawa Nationals batting - Pitching for Battle Ground Aeros : LHP Phil Miller
Batting: RHB Dan Holliday 0-0: Called Strike
0-1: Ball
1-1: Swinging Strike
1-2: Ball
2-2: Foul Ball, location: 2F
2-2: SINGLE (Flyball, 89S)
Batting: RHB Barry Welch 0-0: Ball
1-0: Swinging Strike
1-1: Ball
2-1: Ball
3-1: Base on Balls
Dan Holliday to second
Batting: RHB Paddy Hodnett 0-0: Swinging Strike
0-1: Grounds into double play, 4-6-3 (Groundball, 4)
Dan Holliday to third
Batting: RHB Henry Mann 0-0: Ball
1-0: Ball
2-0: Foul Ball, location: 2F
2-1: Foul Ball, location: 2F
2-2: Strikes out swinging wild pitch, reaches first!
Dan Holliday scores
Batting: LHB Javier Hernández 0-0: Called Strike
Henry Mann is caught stealing 2nd base
Top of the 2nd over - 1 run(s), 1 hit(s), 0 error(s), 0 left on base; Ottawa 1 - Battle Ground 0
BOTTOM OF THE 2ND
Battle Ground Aeros batting - Pitching for Ottawa Nationals : LHP Roger Shaw
Batting: RHB Roy McFerran 0-0: Foul Ball, location: 2F
0-1: Swinging Strike
0-2: Ball
1-2: Strikes out swinging
Batting: RHB Pedro Clemente 0-0: Ball
1-0: Ball
2-0: Called Strike
2-1: Ground out 4-3 (Groundball, 4)
Batting: RHB Ernesto López 0-0: Swinging Strike
0-1: Swinging Strike
0-2: Ball
1-2: Foul Ball, location: 2F
1-2: Strikes out swinging
Bottom of the 2nd over - 0 run(s), 0 hit(s), 0 error(s), 0 left on base; Ottawa 1 - Battle Ground 0
TOP OF THE 3RD
Ottawa Nationals batting - Pitching for Battle Ground Aeros : LHP Phil Miller
Batting: LHB Javier Hernández 0-0: Ball
1-0: Foul Ball, location: 2F
1-1: Foul Ball, location: 2F
1-2: Foul Ball, location: 2F
1-2: Foul Ball, location: 2F
1-2: Strikes out swinging
Batting: RHB Howard Fewell 0-0: Ball
1-0: Bunt missed!
1-1: Foul Ball, location: 2F
1-2: Strikes out looking
Batting: RHB Anthony Trujillo 0-0: Ball
1-0: Ball
2-0: Ball
3-0: Base on Balls
Batting: RHB Jesús Soto 0-0: Ball
1-0: Swinging Strike
1-1: Called Strike
1-2: Ball
2-2: Hit by Pitch
Anthony Trujillo to second
Batting: RHB EP Weston 0-0: Ball
1-0: 3-RUN HOME RUN (Flyball, 7D), Distance : 368 ft
Batting: RHB Dan Holliday 0-0: Fly out, F4 (Line Drive, 4)
Top of the 3rd over - 3 run(s), 1 hit(s), 0 error(s), 0 left on base; Ottawa 4 - Battle Ground 0
BOTTOM OF THE 3RD
Battle Ground Aeros batting - Pitching for Ottawa Nationals : LHP Roger Shaw
Batting: RHB Fernando Jiménez 0-0: Ball
1-0: Called Strike
1-1: SINGLE (Groundball, 6MD)
Pitching: RHP Lewis Miller
Batting: RHB Enrico Betancourt 0-0: Foul Ball, location: 2F
0-1: Ball
1-1: Ball
2-1: Foul Ball, location: 2F
2-2: Strikes out looking
Batting: LHB Dave Smerdon 0-0: Fly out, F4 (Popup, 4M)
Batting: RHB Stephen Johnson 0-0: Called Strike
0-1: Foul Ball, location: 2F
0-2: Foul Ball, location: 2F
0-2: Foul Ball, location: 2F
0-2: Ground out 4-3 (Groundball, 4)
Bottom of the 3rd over - 0 run(s), 1 hit(s), 0 error(s), 1 left on base; Ottawa 4 - Battle Ground 0
TOP OF THE 4TH
Ottawa Nationals batting - Pitching for Battle Ground Aeros : LHP Phil Miller
Batting: RHB Barry Welch 0-0: Ball
1-0: Ball
2-0: Ball
3-0: Base on Balls
Batting: RHB Paddy Hodnett 0-0: Foul Ball, location: 2F
0-1: Ground out 4-3 (Groundball, 4MS)
Barry Welch to second
Batting: RHB Henry Mann 0-0: Ball
1-0: Called Strike
1-1: SINGLE (Groundball, 25) (infield hit)
Barry Welch to third
Batting: LHB Javier Hernández 0-0: Called Strike
0-1: Called Strike
0-2: Ball
Henry Mann is caught stealing 2nd base
1-2: Ball
2-2: Foul Ball, location: 2F
2-2: Foul Ball, location: 2F
2-2: Ball
3-2: Ground out 4-3 (Groundball, 4)
Top of the 4th over - 0 run(s), 1 hit(s), 0 error(s), 1 left on base; Ottawa 4 - Battle Ground 0
BOTTOM OF THE 4TH
Battle Ground Aeros batting - Pitching for Ottawa Nationals : RHP Lewis Miller
Batting: SHB Juan Torres 0-0: Called Strike
0-1: Foul Ball, location: 2F
0-2: Ball
1-2: Ball
2-2: SINGLE (Line Drive, 8RS)
Batting: RHB Juan Camacho 0-0: Foul Ball, location: 2F
0-1: Fielders Choice at 2nd, 2-6 (Groundball, 2L)
Batting: RHB Roy McFerran 0-0: SINGLE (Line Drive, 89M)
Juan Camacho to second
Batting: RHB Pedro Clemente 0-0: Called Strike
Juan Camacho steals 3rd base
Roy McFerran to second
0-1: Ball
1-1: Fly out, F7 (Flyball, 7M)
Runner from 3rd tags up, SCORES, no throw
Batting: RHB Ernesto López 0-0: Ball
1-0: Foul Ball, location: 2F
1-1: Ball
2-1: DOUBLE (Line Drive, 3L)
Roy McFerran scores
Batting: RHB Fernando Jiménez 0-0: Swinging Strike
0-1: Ball
1-1: Ball
2-1: Foul Ball, location: 2F
2-2: Foul Ball, location: 2F
2-2: Foul Ball, location: 2F
2-2: Ground out 4-3 (Groundball, 4M)
Bottom of the 4th over - 2 run(s), 3 hit(s), 0 error(s), 1 left on base; Ottawa 4 - Battle Ground 2
TOP OF THE 5TH
Ottawa Nationals batting - Pitching for Battle Ground Aeros : LHP Phil Miller
Batting: RHB Howard Fewell 0-0: Ball
1-0: Called Strike
1-1: Foul Ball, location: 2F
1-2: Ground out 2-3 (Groundball, 23)
Batting: RHB Anthony Trujillo 0-0: Swinging Strike
0-1: Ball
1-1: Foul Ball, location: 2F
1-2: Strikes out looking
Batting: RHB Jesús Soto 0-0: Called Strike
0-1: Swinging Strike
0-2: Ball
1-2: Ball
2-2: Ball
3-2: Base on Balls
Batting: RHB EP Weston 0-0: Called Strike
0-1: Swinging Strike
0-2: Fly out, F8 (Flyball, 8LS)
Top of the 5th over - 0 run(s), 0 hit(s), 0 error(s), 1 left on base; Ottawa 4 - Battle Ground 2
BOTTOM OF THE 5TH
Battle Ground Aeros batting - Pitching for Ottawa Nationals : RHP Lewis Miller
Batting: RHB Enrico Betancourt 0-0: Ball
1-0: Ground out 6-3 (Groundball, 6)
Batting: LHB Dave Smerdon 0-0: Called Strike
0-1: Ball
1-1: Foul Ball, location: 2F
1-2: Fly out, F7 (Line Drive, 78M)
Batting: RHB Stephen Johnson 0-0: Ball
1-0: Fly out, F2 (Popup, 2LF)
Bottom of the 5th over - 0 run(s), 0 hit(s), 0 error(s), 0 left on base; Ottawa 4 - Battle Ground 2
TOP OF THE 6TH
Ottawa Nationals batting - Pitching for Battle Ground Aeros : LHP Phil Miller
Batting: RHB Dan Holliday 0-0: Ground out 4-3 (Groundball, 4)
Batting: RHB Barry Welch 0-0: Ball
1-0: Ball
2-0: Ball
3-0: Called Strike
3-1: Base on Balls
Batting: RHB Paddy Hodnett 0-0: Ball
1-0: Foul Ball, location: 2F
1-1: Foul Ball, location: 2F
1-2: Ball
2-2: Foul Ball, location: 2F
2-2: Ball
3-2: Grounds into double play, 5-4-3 (Groundball, 5)
Top of the 6th over - 0 run(s), 0 hit(s), 0 error(s), 0 left on base; Ottawa 4 - Battle Ground 2
BOTTOM OF THE 6TH
Battle Ground Aeros batting - Pitching for Ottawa Nationals : RHP Lewis Miller
Batting: SHB Juan Torres 0-0: Foul Ball, location: 2F
0-1: SINGLE (Line Drive, 56D)
Batting: RHB Juan Camacho 0-0: Ball
1-0: Ground out 5-3 (Groundball, 56S)
Juan Torres to second
Batting: RHB Roy McFerran 0-0: Swinging Strike
0-1: SINGLE (Line Drive, 8LS)
Juan Torres to third
Batting: RHB Pedro Clemente 0-0: Called Strike
0-1: Ball
1-1: Foul Ball, location: 2F
1-2: Ball
2-2: Foul Ball, location: 2F
2-2: Ball
3-2: Grounds into double play, U6-3 (Groundball, 6M)
Bottom of the 6th over - 0 run(s), 2 hit(s), 0 error(s), 1 left on base; Ottawa 4 - Battle Ground 2
TOP OF THE 7TH
Ottawa Nationals batting - Pitching for Battle Ground Aeros : LHP Phil Miller
Batting: RHB Henry Mann 0-0: Ball
1-0: Ground out 6-3 (Groundball, 6)
Batting: LHB Javier Hernández 0-0: Ball
1-0: Ground out 4-3 (Groundball, 4)
Batting: RHB Howard Fewell 0-0: Called Strike
0-1: Ground out 6-3 (Groundball, 6M)
Top of the 7th over - 0 run(s), 0 hit(s), 0 error(s), 0 left on base; Ottawa 4 - Battle Ground 2
BOTTOM OF THE 7TH
Battle Ground Aeros batting - Pitching for Ottawa Nationals : RHP Lewis Miller
Pitching: RHP Bob Reece
Batting: RHB Ernesto López 0-0: Swinging Strike
0-1: Ball
1-1: Ground out 6-3 (Groundball, 6)
Batting: RHB Fernando Jiménez 0-0: Foul Ball, location: 2F
0-1: Swinging Strike
0-2: SINGLE (Groundball, 6MD)
Batting: RHB Enrico Betancourt 0-0: Ball
1-0: Ball
2-0: Ball
3-0: Base on Balls
Fernando Jiménez to second
Batting: LHB Dave Smerdon 0-0: Foul Ball, location: 2F
0-1: Ball
1-1: Called Strike
1-2: Ball
2-2: Strikes out swinging
Batting: RHB Stephen Johnson 0-0: Swinging Strike
0-1: Foul Ball, location: 2F
0-2: Fielders Choice at 2nd, 5-4 (Groundball, 5)
Bottom of the 7th over - 0 run(s), 1 hit(s), 0 error(s), 1 left on base; Ottawa 4 - Battle Ground 2
TOP OF THE 8TH
Ottawa Nationals batting - Pitching for Battle Ground Aeros : LHP Phil Miller
Batting: RHB Anthony Trujillo 0-0: Called Strike
0-1: Foul Ball, location: 2F
0-2: Ball
1-2: Foul Ball, location: 2F
1-2: Foul Ball, location: 2F
1-2: Ball
2-2: Foul Ball, location: 2F
2-2: Foul Ball, location: 2F
2-2: Ball
3-2: Fly out, F9 (Flyball, 89M)
Pitching: RHP Will O'Slattery
Batting: RHB Jesús Soto 0-0: Called Strike
0-1: Foul Ball, location: 2F
0-2: Ball
1-2: Strikes out looking
Batting: RHB EP Weston 0-0: Ball
1-0: Called Strike
1-1: SINGLE (Groundball, 6MD)
Batting: RHB Dan Holliday 0-0: Called Strike
0-1: Ground out 5-3 (Groundball, 5S)
Top of the 8th over - 0 run(s), 1 hit(s), 0 error(s), 1 left on base; Ottawa 4 - Battle Ground 2
BOTTOM OF THE 8TH
Battle Ground Aeros batting - Pitching for Ottawa Nationals : RHP Bob Reece
Batting: SHB Juan Torres 0-0: Called Strike
0-1: Ball
1-1: Ball
2-1: Fly out, F7 (Line Drive, 78M)
Batting: RHB Juan Camacho 0-0: Ball
1-0: Ball
2-0: SINGLE (Flyball, 9LS)
Pitching: RHP Rubén Villarreal
Batting: RHB Roy McFerran 0-0: Called Strike
0-1: Ball
1-1: Ball
2-1: Foul Ball, location: 2F
2-2: Fly out, F7 (Flyball, 7LM)
Batting: RHB Pedro Clemente 0-0: Fielders Choice at 2nd, U4 (Groundball, 4M)
Bottom of the 8th over - 0 run(s), 1 hit(s), 0 error(s), 1 left on base; Ottawa 4 - Battle Ground 2
TOP OF THE 9TH
Ottawa Nationals batting - Pitching for Battle Ground Aeros : RHP Will O'Slattery
Batting: RHB Barry Welch 0-0: Swinging Strike
0-1: Fly out, F7 (Flyball, 7LM)
Batting: RHB Paddy Hodnett 0-0: Called Strike
0-1: Called Strike
0-2: SINGLE (Groundball, 5L)
Batting: RHB Henry Mann 0-0: Swinging Strike
0-1: Called Strike
0-2: Ball
1-2: Strikes out swinging
Batting: LHB Javier Hernández 0-0: Ball
1-0: Foul Ball, location: 2F
1-1: Ball
2-1: Foul Ball, location: 2F
2-2: SINGLE (Line Drive, 56D)
Paddy Hodnett to second
Pinch Hitting: RHB Felipe Gonzáles 0-0: Called Strike
0-1: SINGLE (Line Drive, 8LS)
Paddy Hodnett to third
Javier Hernández to second
Runner from 3rd tries for Home, SAFE, no throw or cutoff
Batting: RHB Anthony Trujillo 0-0: Ball
1-0: Swinging Strike
1-1: Called Strike
1-2: Strikes out swinging
Top of the 9th over - 1 run(s), 3 hit(s), 0 error(s), 2 left on base; Ottawa 5 - Battle Ground 2
BOTTOM OF THE 9TH
Battle Ground Aeros batting - Pitching for Ottawa Nationals : RHP Rubén Villarreal
Pitching: RHP Jesús Prieto
Now in LF: Dan Curtis
Batting: RHB Ernesto López 0-0: Fly out, F3 (Line Drive, 34)
Batting: RHB Fernando Jiménez 0-0: Swinging Strike
0-1: Foul Ball, location: 2F
0-2: Strikes out looking
Batting: RHB Enrico Betancourt 0-0: Ball
1-0: Called Strike
1-1: Called Strike
1-2: Ball
2-2: Fly out, F3 (Popup, 3F)
Bottom of the 9th over - 0 run(s), 0 hit(s), 0 error(s), 0 left on base; Ottawa 5 - Battle Ground 2
This league is powered by Out of the Park Baseball, the baseball management simulation game for PC, Mac and Linux
Monday, October 3rd, 2016 - OOTP Baseball 16.9 Build 39